 Dungeon Crawl Stone Soup version 0.32-a0-933-ga8fa3634e4 (webtiles) character file.

Game seed: 5430227346657342849

561148 Gadrel the Hoplite (level 25, -10/233 HPs)
             Began as an Armataur Fighter on Apr 13, 2024.
             Was the Champion of Okawaru.
             Killed from afar by a yellow draconian stormcaller (24 damage)
             ... on level 3 of the Realm of Zot on Apr 15, 2024.
             The game lasted 02:56:38 (66182 turns).

Gadrel the Hoplite (Armataur Fighter)              Turns: 66182, Time: 02:56:38

Health: -10/233    AC: 15    Str: 36    XL:     25   Next: 35%
Magic:  34/34      EV:  6    Int: 15    God:    Okawaru [******]
Gold:   4458       SH: 30    Dex:  9    Spells: 24/24 levels left

rFire   + + +        b - +17 lance "Wyrmbane" {slay drac, rPois rF+ rC+ AC+3}
rCold   + + +        e - +8 tower shield {rF+}
rNeg    . . .        u - +0 storm dragon scales "Hoolelaz" {rElec Str+4 Int+4}
rPois   +            P - +2 helmet {Int+3}
rElec   +            p - scarf {rC+ rF+}
rCorr   +            W - +0 pair of fencer's gloves {Riposte Dex+3}
SInv    .            q - +4 barding
Will    +....        X - amulet "Zatalal" {Faith rF+ rCorr Dex-4 Slay+2} Stlth
                     f - ring of the Mashing Traitor {*Slow Fly rPois rC+++ Int-2}
HPRegen 1.88/turn    Q - +4 ring of slaying
MPRegen 0.90/turn

%: slow self (1%), roll, faith
@: about to teleport, corroded, flying, slowed, studying 3 skills, very slow
A: large, deformed body, tough skin 3, armoured tail, rollpage 2, fire
resistance 1
}: 3/15 runes: decaying, serpentine, silver
a: Renounce Religion, Heroism, Finesse, Duel


You were on level 3 of the Realm of Zot.
You worshipped Okawaru.
Okawaru was exalted by your worship.
You visited 10 branches of the dungeon, and saw 46 of its levels.
You visited the Abyss 1 time.
You also visited: Gauntlet, Ice Cave and Wizlab.

You collected 7785 gold pieces.
You spent 3327 gold pieces at shops.

Inventory:

Hand Weapons
 a - a +9 eveningstar of draining
   (Okawaru gifted it to you on level 3 of the Lair of Beasts)
 b - the +17 lance "Wyrmbane" (weapon) {slay drac, rPois rF+ rC+ AC+3}
   (You found it on level 1 of the Realm of Zot)

   AC+3:      It affects your AC (+3).
   rF+:       It protects you from fire.
   rC+:       It protects you from cold.
   rPois:     It protects you from poison.
 C - the +6 hand cannon "Diopit" {elec, rF+ rN+ Str-3}
   (You found it on level 3 of the Vaults)

   Str-3:     It affects your strength (-3).
   rF+:       It protects you from fire.
   rN+:       It protects you from negative energy.
Missiles
 r - 14 silver javelins
 z - a throwing net {!d}
 A - 4 curare-tipped darts
 L - 26 javelins
 S - 37 boomerangs
Armour
 e - a +8 tower shield of fire resistance (worn)
   (You took it off a naga warrior on level 4 of the Snake Pit)
 g - the +7 fire dragon scales of Xokuvi Bace {*Corrode rF++ rC- rN++ MP-9 Int+3}
   (You found it on level 3 of the Elven Halls)

   Int+3:     It affects your intelligence (+3).
   rF++:      It greatly protects you from fire.
   rC-:       It makes you vulnerable to cold.
   rN++:      It greatly protects you from negative energy.
   MP-9:      It affects your magic capacity (-9).
   *Corrode:  It may corrode you when you take damage.
 p - a scarf of resistance (worn)
   (You found it on level 9 of the Dungeon)
 q - a +4 barding (worn)
   (You took it off a yaktaur on level 3 of the Vaults)
 u - the +0 storm dragon scales "Hoolelaz" (worn) {rElec Str+4 Int+4}
   (You found it on level 11 of the Dungeon)

   Str+4:     It affects your strength (+4).
   Int+4:     It affects your intelligence (+4).
   rElec:     It insulates you from electricity.
 P - a +2 helmet of intelligence (worn)
   (You found it on level 4 of the Depths)
 T - the +12 crystal plate armour of Conscience {Str-4 Dex+5}
   (You found it in a wizard's laboratory)

   Str-4:     It affects your strength (-4).
   Dex+5:     It affects your dexterity (+5).
 W - the +0 pair of fencer's gloves (worn) {Riposte Dex+3}
   (Okawaru gifted it to you on level 3 of the Lair of Beasts)

   Riposte:   It allows the wearer to riposte with melee weapons, swiftly
   retaliating against missed or blocked melee attacks.
   Dex+3:     It affects your dexterity (+3).
 Z - the +1 kite shield of Unreason {rPois Will+ Int-4 Dex+4}
   (You found it in a wizard's laboratory)

   Int-4:     It affects your intelligence (-4).
   Dex+4:     It affects your dexterity (+4).
   rPois:     It protects you from poison.
   Will+:     It increases your willpower.
Jewellery
 c - a ring of ice {rC+, rF-}
   (You found it on level 4 of the Depths)
 f - the ring of the Mashing Traitor (left hand) {*Slow Fly rPois rC+++ Int-2}
   (You found it on level 1 of the Realm of Zot)

   [ring of flight]

   Int-2:     It affects your intelligence (-2).
   rC+++:     It renders you almost immune to cold.
   rPois:     It protects you from poison.
   Fly:       It grants you flight.
   *Slow:     It may slow you when you take damage.
 m - the ring "Meepnuh" {rF+ rCorr}
   (You bought it in a shop on level 1 of the Vaults)

   [ring of resist corrosion]

   rF+:       It protects you from fire.
   rCorr:     It protects you from acid and corrosion.
 Q - a +4 ring of slaying (right hand)
   (You took it off a naga sharpshooter on level 1 of the Snake Pit)
 X - the amulet "Zatalal" (around neck) {Faith rF+ rCorr Dex-4 Slay+2}
   (You bought it in a shop on level 1 of the Depths)

   [amulet of faith]

   Faith:     It allows you to gain divine favour quickly.
   Dex-4:     It affects your dexterity (-4).
   Slay+2:    It affects your accuracy & damage with ranged weapons and melee
   (+2).
   rF+:       It protects you from fire.
   rCorr:     It protects you from acid and corrosion.
Wands
 d - a wand of digging (4)
   (You bought it in a shop on level 2 of the Snake Pit)
 h - a wand of acid (34)
   (You found it on level 4 of the Dungeon)
 j - a wand of polymorph (23)
   (You found it on level 1 of the Lair of Beasts)
 n - a wand of roots (37)
   (You found it on level 2 of the Swamp)
 y - a wand of mindburst (50)
   (You found it on level 6 of the Dungeon)
Scrolls
 s - 2 scrolls of enchant armour
 t - 12 scrolls of fog
 w - 5 scrolls of brand weapon
 x - 4 scrolls of poison {!r}
 D - 2 scrolls of blinking {!r}
 E - 5 scrolls of fear
 F - 4 scrolls of enchant weapon
 K - 7 scrolls of immolation {!r}
 O - a scroll of silence
 V - 10 scrolls of vulnerability {!r!r}
 Y - 12 scrolls of teleportation {@r3}
Potions
 i - 4 potions of magic
 k - 4 potions of enlightenment
 o - 5 potions of cancellation
 G - 6 potions of ambrosia {!q}
 H - 8 potions of haste
 I - 6 potions of invisibility
 J - 18 potions of curing {@q1}
 M - 9 potions of might
 N - 4 potions of heal wounds {@q2}
 R - 4 potions of resistance
 U - 2 potions of mutation {!q}
Miscellaneous
 l - a condenser vane
   (You found it on level 11 of the Dungeon)
 v - a lightning rod (4/4)
   (You found it on level 5 of the Vaults)
 B - a Gell's gravitambourine (2/2)
   (You found it on level 14 of the Dungeon)


   Skills:
 + Level 20.5 Fighting
 - Level 16.0 Maces & Flails
 + Level 5.5 Polearms
 - Level 11.0 Throwing
 - Level 22.0 Armour
 + Level 5.4 Dodging
 + Level 25.9 Shields
 - Level 15.0 Invocations
 - Level 15.0 Evocations


You had 24 spell levels left.
You didn't know any spells.
Your spell library contained the following spells:

 Spells                   Type           Power      Damage    Failure   Level
 Hailstorm                Conj/Ice       0%         3d5       87%         3
 Permafrost Eruption      Ice/Erth       0%         2x4d1     100%        6
 Summon Ice Beast         Ice/Summ       Unusable   N/A       N/A         3
 Sculpt Simulacrum        Ice/Alch       Unusable   N/A       N/A         6

Dungeon Overview and Level Annotations

Branches:
Dungeon (15/15)            Temple (1/1) D:7            Lair (5/5) D:9
  Swamp (4/4) Lair:2        Snake (4/4) Lair:3        Slime (0/5) Lair:5
    Orc (2/2) D:11            Elf (3/3) Orc:2        Vaults (5/5) D:14
  Crypt (0/3) Vaults:2     Depths (4/4) D:15            Zot (3/5) Depths:4
  IceCv (visited)          WizLab (visited)         Gauntlet (visited)

Altars:
Ashenzari
Cheibriados
Dithmenos
Elyvilon
Fedhas
Gozag
Hepliaklqana
Kikubaaqudgha
Makhleb
Nemelex Xobeh
Okawaru
Qazlal
Ru
Sif Muna
Trog
Uskayaw
Vehumet
Wu Jian
Xom
Yredelemnul
Zin
The Shining One
Beogh
Jiyva

Shops:
D:5 ?   D:6 *   D:10 :   D:11 =[   Orc:2 *[=(   Elf:1 :=   Elf:3 *
Snake:2 *[[[   Vaults:1 =   Vaults:3 *=:[   Vaults:5 (   Depths:1 =:=
Depths:2 *   Depths:4 *

Portals:
Hell: Lair:5 Depths:1 Depths:2 Depths:3 Depths:4
Abyss: Depths:3 Depths:4
Pandemonium: Depths:2
Ziggurat: Depths:4


Innate Abilities, Weirdness & Mutations

Armour fits poorly on your strangely shaped body.
You have extremely tough skin. (AC +3)
You have a long armoured tail.
You regenerate magic and health when rolling toward enemies. (Rampage Regen)
Your flesh is heat resistant. (rF+)


Message History

Blink to where?
Press: ? - help, Dir - move target
As you read the scroll of blinking {!r}, it crumbles to dust.
The yellow draconian stormcaller calls down the wrath of Qazlal upon you.
The blast of rubble hits you!!
You die...

#............#..).### ##....
#........######...J.####.....#
........## ###..dq........#
........## ##.###..J.....#
........>####..# ###..(.###
...####....##.## ###qk## ..##
##......# ##..J.ยง# ))#
#......####...d..# <####
###.....^.@))###..#
.<..###......####### ####
.............# ...####......#
.### ##......# ...###.......#
.....#.......# .............##
.......#...#..#


You could see an acid blob, a yellow draconian (catching breath), a yellow
draconian stormcaller and a lindwurm (summoned).

Vanquished Creatures
  Frederick (Vaults:5)
  3 dread liches
  Xtahua (Vaults:5)
  The ghost of Cein the Devastator, a veteran DgCj (Depths:1)
  2 antique champions
  A Killer Klown (Zot:3)
  Bai Suzhen (Vaults:5)
  the Lernaean hydra (Swamp:4)
  Saint Roka (Depths:1)
  Boris (Vaults:3)
  5 curse toes
  Nikola (Snake:1)
  3 golden dragons
  2 bone dragons (Abyss:3)
  The ghost of wally255 the Metamorph, an adept TrFi of Wu Jian (Elf:3)
  Jorgrun (Snake:1)
  A walking crystal tome (Depths:3)
  The ghost of jfitz the Executioner, an adept MiBe of Trog (Snake:4)
  2 Ice Fiends (IceCv)
  9 tentacled monstrosities
  A deep elf master archer (Elf:3)
  4 liches
  3 quicksilver dragons
  4 deep elf blademasters
  A titan (Vaults:5)
  3 sphinxes
  5 acid blobs (Zot:3)
  9 death cobs
  An ancient champion (WizLab)
  10 storm dragons
  17 shadow dragons
  A thorn hunter (Swamp:2)
  5 tengu reavers
  Aizul (Swamp:2)
  11 nagarajas
  5 protean progenitors
  11 fire giants
  3 draconian monks (Zot:1)
  A draconian shifter (Zot:3)
  3 iron dragons
  15 vault wardens
  9 deep elf sorcerers
  11 frost giants
  2 draconian knights (Zot:1)
  A ghost moth (Zot:3)
  Louise (D:15)
  3 draconian scorchers
  The ghost of Cicheybu the Mimic, a journeyman OpEE of Gozag (Orc:2)
  5 deep elf elementalists (Elf:3)
  A ghoul (WizLab)
  A juggernaut zombie (WizLab)
  5 orc warlords
  23 ironbound preservers
  4 draconian annihilators
  4 draconian stormcallers
  3 formless jellyfish
  2 broodmothers (Zot:3)
  5 ironbound thunderhulks
  4 eleionomae
  14 stone giants
  4 deep elf death magi (Elf:3)
  3 deep elf demonologists
  14 very ugly things
  8 green draconians
  4 black draconians
  9 vampire knights
  20 yellow draconians
  6 red draconians
  3 war gargoyles
  11 deep elf annihilators
  10 purple draconians
  A minotaur (Gauntlet)
  6 white draconians
  4 bunyips
  4 spark wasps
  18 dire elephants
  2 starcursed masses (Abyss:3)
  A jiangshi (WizLab)
  13 fire dragons
  A green death (Depths:2)
  21 slime creatures
  3 entropy weavers (Vaults:1)
  23 ettins
  11 deep elf high priests
  16 yaktaur captains
  The ghost of jfitz the Severer, a journeyman MDBe of Trog (D:14)
  A shambling mangrove (Swamp:1)
  8 great orbs of eyes
  A peacekeeper (Vaults:4)
  3 rakshasas
  A quicksilver dragon skeleton (Zot:2)
  A juggernaut simulacrum (WizLab)
  2 ghost crabs (Swamp:4)
  Erolcha (Orc:1)
  30 vault guards
  A death knight (D:14)
  6 salamander tyrants
  The ghost of Dimeopto the Toxicologist, a journeyman CoAl of Uskayaw (Orc:1)
  8 boulder beetles
  10 centaur warriors
  A catoblepas (Lair:5)
  9 ice dragons
  2 spriggan air magi
  4 ironbound frosthearts
  14 anacondas
  2 caustic shrike simulacra (IceCv)
  18 hydras
  29 dancing weapons
  3 ogre magi
  5 alligators
  7 tengu warriors
  12 two-headed ogres
  7 death yaks
  5 deep troll earth magi
  5 orc high priests
  4 vampire magi
  7 deep troll shamans
  4 spriggan berserkers
  5 occultists (Depths:3)
  A thrashing horror (Abyss:3)
  23 naga warriors
  21 naga sharpshooters
  6 hell knights
  12 shock serpents
  6 iron trolls
  17 deep elf knights
  4 soul eaters (Zot:2)
  4 salamander mystics
  5 skeletal warriors
  A shadow wraith (D:14)
  4 skysharks
  2 sun demons
  10 deep elf archers
  3 goliath frogs
  A sixfirhy (Lair:5)
  2 sea snakes
  53 deep trolls
  An orb spider (shapeshifter) (D:15)
  4 spriggan druids
  2 death drakes (Zot:2)
  11 arcanists
  10 bog bodies
  4 thermic dynamos
  7 mana vipers
  4 glowing orange brains (Depths:3)
  A golden dragon skeleton (WizLab)
  7 phantasmal warriors
  4 naga ritualists
  14 lindwurms
  8 swamp dragons
  A tengu zombie (Depths:3)
  34 deep elf zephyrmancers
  2 obsidian statues (IceCv)
  20 ironbound convokers
  9 orc knights
  23 deep elf pyromancers
  A harpy (Vaults:2)
  4 necromancers
  An obsidian bat (Orc:1)
  27 ugly things
  6 large abominations (Abyss:3)
  2 shining eyes (Depths:4)
  A frost giant zombie (Depths:3)
  2 wolf spiders (Lair:3)
  A will-o-the-wisp (Swamp:2)
  23 salamanders
  2 oklob plants (Lair:2)
  3 fauns (Zot:3)
  6 orc sorcerers
  8 elephants
  21 moths of wrath
  A meliai (shapeshifter) (D:12)
  10 apocalypse crabs (Zot:1)
  3 stone giant skeletons (WizLab)
  3 meliai (Gauntlet)
  4 cyclopes
  7 manticores
  An eye of devastation (Depths:4)
  37 black mambas
  A smoke demon (Depths:2)
  14 vault sentinels
  6 guardian serpents
  A kobold blastminer (Orc:1)
  19 naga magi
  A torpor snail (Lair:1)
  2 orange demons (Lair:5)
  A gargoyle (D:12)
  10 cane toads
  2 unseen horrors
  A rime drake (Lair:5)
  4 freezing wraiths
  Maggie (D:9)
  A yellow draconian zombie (Zot:2)
  9 komodo dragons
  7 kobold demonologists
  3 tengu conjurers
  24 yaktaurs
  4 efreet
  3 golden dragon simulacra (IceCv)
  A tormentor (Depths:2)
  A red devil (Lair:5)
  Prince Ribbit (D:7)
  4 ice devils
  9 trolls
  A hellwing (Lair:5)
  12 tyrant leeches
  4 hornets
  A queen bee (Lair:2)
  A jumping spider (shapeshifter) (Depths:1)
  A tengu simulacrum (D:14)
  3 polar bears (Lair:3)
  An ettin zombie (WizLab)
  25 blink frogs
  5 raiju (Abyss:3)
  2 glass eyes
  2 air elementals (Elf:1)
  A ynoxinul (Abyss:3)
  A centaur simulacrum (D:12)
  4 wraiths
  5 shadows
  3 spriggans
  2 fire elementals (Elf:1)
  6 vampires
  A dire elephant simulacrum (IceCv)
  55 yaks
  2 water elementals
  13 basilisks
  10 wyverns
  6 wargs
  2 minotaur simulacra (IceCv)
  7 redbacks
  A neqoxec (Abyss:3)
  4 steam dragons
  A chaos spawn (Abyss:3)
  7 vampire mosquitoes
  Menkaure (D:6)
  A deep troll zombie (WizLab)
  59 nagas
  Edmund (D:5)
  3 hydra simulacra (IceCv)
  13 swamp worms
  2 acid dragons
  A two-headed ogre skeleton (WizLab)
  16 water moccasins
  5 hell hounds
  35 orc warriors
  Duvessa (D:5)
  3 deep troll skeletons (WizLab)
  6 black bears
  8 swamp drakes (Swamp:4)
  6 ice beasts
  4 ettin simulacra (IceCv)
  A black bear (shapeshifter) (Abyss:3)
  3 laughing skulls
  6 ogres
  11 centaurs
  24 wolves
  2 phantoms
  4 kobold brigands
  8 bullfrogs
  A scorpion (D:6)
  5 earth elementals
  3 gnoll sergeants
  A deep troll simulacrum (IceCv)
  5 wights (Abyss:3)
  A cyclops skeleton (WizLab)
  Dowan (D:5)
  41 killer bees
  6 howler monkeys
  4 electric eels
  A lava snake (Lair:3)
  A quasit (Abyss:3)
  5 hounds
  17 jellies
  26 orc priests
  2 bombardier beetles
  2 gnoll boudas
  A cyclops simulacrum (WizLab)
  A sleepcap (D:6)
  Ijyb (D:4)
  2 iguanas
  23 orc wizards
  A hell rat (Lair:3)
  Robin (D:1)
  18 gnolls
  5 adders
  2 white imps
  An ufetubus (Abyss:3)
  2 dart slugs
  2 ribbon worms
  86 orcs
  4 ball pythons
  2 bats
  10 endoplasms
  2 giant cockroaches
  13 goblins
  5 hobgoblins
  6 jackals
  A quokka (D:1)
  A frilled lizard (D:2)
  9 kobolds
  3 rats
  3 aspiring fleshes
  A spectral weapon (Elf:2)
2072 creatures vanquished.

Vanquished Creatures (others)
  A yellow draconian (Zot:1)
  A deep elf knight (Elf:1)
  A kobold brigand (D:7)
  A small abomination (Abyss:3)
  13 foxfires
17 creatures vanquished.

Grand Total: 2089 creatures vanquished

Notes
Turn   | Place    | Note
-------+----------+-------------------------------------------
     0 | D:1      | Gadrel the Armataur Fighter began the quest for the Orb.
     0 | D:1      | Reached XP level 1. HP: 18/18 MP: 1/1
   275 | D:1      | Reached skill level 2 in Maces & Flails
   304 | D:1      | Reached XP level 2. HP: 25/25 MP: 2/2
  1025 | D:2      | Reached skill level 3 in Fighting
  1025 | D:2      | Reached skill level 4 in Armour
  1029 | D:2      | Noticed Robin
  1086 | D:1      | HP: 5/26 [gnoll/+0 halberd (6)]
  1088 | D:1      | Reached XP level 3. HP: 7/31 MP: 3/3
  1194 | D:1      | Killed Robin
  1265 | D:2      | Reached XP level 4. HP: 27/38 MP: 4/4
  1269 | D:2      | Reached skill level 4 in Shields
  1993 | D:3      | Reached XP level 5. HP: 45/45 MP: 5/5
  2212 | D:3      | Found a snail-covered altar of Cheibriados.
  2614 | D:3      | Upgraded the game from 0.32-a0-931-g5a2cda0630 to
                  | 0.32-a0-933-ga8fa3634e4
  2650 | D:4      | Reached skill level 3 in Maces & Flails
  2757 | D:4      | Reached skill level 5 in Armour
  2757 | D:4      | Reached skill level 1 in Evocations
  3010 | D:4      | Found a glowing golden altar of the Shining One.
  3055 | D:4      | Noticed a phantom
  3068 | D:4      | Killed a phantom
  3069 | D:4      | Reached XP level 6. HP: 41/52 MP: 6/6
  3147 | D:4      | Noticed Ijyb
  3158 | D:4      | Killed Ijyb
  3231 | D:4      | Found a blossoming altar of Fedhas.
  3241 | D:4      | Found a stormy altar of Qazlal.
  3360 | D:5      | Entered Level 5 of the Dungeon
  3389 | D:5      | Reached skill level 2 in Evocations
  3479 | D:5      | Reached skill level 4 in Fighting
  3651 | D:5      | Noticed Edmund
  3663 | D:4      | Gained mutation: You regenerate magic and health when
                  | rolling toward enemies. (Rampage Regen) [Armataur growth]
  3663 | D:4      | Reached XP level 7. HP: 18/59 MP: 7/7
  3825 | D:5      | Reached skill level 5 in Shields
  3825 | D:5      | Reached skill level 3 in Evocations
  3925 | D:5      | Reached skill level 4 in Maces & Flails
  3925 | D:5      | Reached skill level 6 in Armour
  3932 | D:5      | Noticed Dowan
  3932 | D:5      | Noticed Duvessa
  3946 | D:5      | Killed Duvessa
  3957 | D:5      | Killed Dowan
  3977 | D:5      | Reached XP level 8. HP: 67/67 MP: 8/8
  4019 | D:5      | Killed Edmund
  4080 | D:5      | Reached skill level 6 in Shields
  4096 | D:5      | Reached skill level 5 in Fighting
  4153 | D:5      | Found Ychow's Magic Scroll Shoppe.
  4161 | D:5      | Bought a scroll of butterflies for 60 gold pieces
  4161 | D:5      | Bought a scroll of identify for 30 gold pieces
  4161 | D:5      | Bought a scroll of identify for 30 gold pieces
  4161 | D:5      | Bought a scroll of identify for 30 gold pieces
  4161 | D:5      | Bought a scroll of identify for 30 gold pieces
  4251 | D:5      | HP: 13/68 [gnoll/+0 flail[a gnoll bouda] (5)]
  4623 | D:5      | Reached skill level 7 in Armour
  4801 | D:5      | Reached skill level 5 in Maces & Flails
  5000 | D:5      | Reached XP level 9. HP: 21/75 MP: 9/9
  5177 | D:6      | Reached skill level 7 in Shields
  5243 | D:6      | Reached skill level 4 in Evocations
  5485 | D:6      | Found Anereb's Assorted Antiques.
  5500 | D:6      | Reached skill level 6 in Fighting
  5503 | D:6      | Reached skill level 8 in Armour
  5510 | D:6      | Bought a scroll labelled WUVOTZ GUODIJ for 22 gold pieces
  5510 | D:6      | Bought 2 yellow potions for 39 gold pieces
  5711 | D:7      | Noticed Menkaure
  5721 | D:6      | Killed Menkaure
  5835 | D:7      | Reached skill level 6 in Maces & Flails
  5849 | D:7      | Found a white marble altar of Elyvilon.
  6090 | D:7      | Reached skill level 5 in Evocations
  6123 | D:7      | Found the +7 Throatcutter {drain, coup de grace}
  6123 | D:7      | Noticed a kobold demonologist
  6123 | D:7      | Noticed a kobold demonologist
  6123 | D:7      | Noticed a kobold demonologist
  6123 | D:7      | Noticed a kobold demonologist
  6127 | D:7      | Killed a kobold demonologist
  6128 | D:7      | Reached skill level 8 in Shields
  6132 | D:7      | Noticed a red devil
  6135 | D:7      | Noticed an ice devil
  6135 | D:7      | Noticed an ice devil
  6141 | D:7      | Killed a kobold demonologist
  6141 | D:7      | Killed a kobold demonologist
  6142 | D:7      | Reached XP level 10. HP: 31/84 MP: 10/10
  6147 | D:7      | Reached skill level 9 in Armour
  6158 | D:7      | Reached skill level 7 in Maces & Flails
  6361 | D:7      | Reached skill level 7 in Fighting
  6387 | D:7      | Noticed Prince Ribbit
  6397 | D:7      | Killed Prince Ribbit
  6481 | D:7      | Found a staircase to the Ecumenical Temple.
  6490 | Temple   | Entered the Ecumenical Temple
  6509 | Temple   | Became a worshipper of Warmaster Okawaru
  6908 | D:8      | HP: 20/86 [kobold/+0 trident (5)]
  6935 | D:8      | Noticed a two-headed ogre
  6942 | D:8      | Killed a two-headed ogre
  6942 | D:8      | Reached * piety under Okawaru
  6943 | D:8      | Reached skill level 1 in Invocations
  7033 | D:8      | You fall into a shaft and drop 2 floors!
  7033 | D:10     | Entered Level 10 of the Dungeon
  7098 | D:9      | Reached skill level 8 in Maces & Flails
  7115 | D:9      | Reached ** piety under Okawaru
  7116 | D:9      | Reached skill level 2 in Invocations
  7293 | D:8      | Found a blossoming altar of Fedhas.
  7314 | D:8      | Reached skill level 9 in Shields
  7591 | D:8      | Found a hide-covered altar of Uskayaw.
  7832 | D:9      | Reached XP level 11. HP: 29/92 MP: 13/13
  7832 | D:9      | HP: 21/92 [yak (8)]
  8171 | D:9      | Reached skill level 3 in Invocations
  8182 | D:9      | Reached skill level 10 in Armour
  8418 | D:9      | Found a staircase to the Lair.
  8428 | D:9      | Reached *** piety under Okawaru
  8945 | D:9      | Noticed Maggie
  8957 | D:9      | Killed Maggie
  9114 | D:9      | Reached **** piety under Okawaru
  9139 | D:9      | Reached skill level 4 in Invocations
  9635 | D:9      | Found a broken altar of Ashenzari.
  9662 | D:9      | Reached skill level 8 in Fighting
  9689 | D:9      | Reached skill level 9 in Maces & Flails
 10107 | Lair:1   | Entered Level 1 of the Lair of Beasts
 10236 | D:9      | HP: 21/94 [wolf (7)]
 10241 | D:9      | HP: 14/94 [wolf (9)]
 10670 | Lair:1   | Reached skill level 5 in Invocations
 10904 | Lair:1   | Reached ***** piety under Okawaru
 11300 | Lair:1   | Received a gift from Okawaru
 11787 | Lair:2   | Reached skill level 6 in Invocations
 11870 | Lair:2   | Noticed a death yak
 11870 | Lair:2   | Noticed a death yak
 11870 | Lair:2   | Noticed a death yak
 11889 | Lair:2   | Killed a death yak
 11890 | Lair:2   | Reached skill level 10 in Shields
 11890 | Lair:2   | Reached XP level 12. HP: 87/103 MP: 14/16
 11910 | Lair:2   | Killed a death yak
 11911 | Lair:2   | Reached skill level 1 in Throwing
 11911 | Lair:2   | Reached skill level 11 in Armour
 11923 | Lair:2   | Killed a death yak
 11967 | Lair:2   | Received a gift from Okawaru
 12290 | Lair:2   | Reached skill level 10 in Maces & Flails
 12385 | Lair:2   | Found an ornate altar of the Wu Jian Council.
 12385 | Lair:2   | Found a hide-covered altar of Uskayaw.
 12385 | Lair:2   | Noticed a boulder beetle
 12405 | Lair:2   | Killed a boulder beetle
 12406 | Lair:2   | Reached skill level 2 in Throwing
 12406 | Lair:2   | Reached skill level 7 in Invocations
 12727 | Lair:2   | HP: 21/103 [black mamba (5)]
 13382 | Lair:3   | Reached skill level 9 in Fighting
 13388 | Lair:3   | Received a gift from Okawaru
 13717 | Lair:3   | Noticed a six-headed hydra
 13723 | Lair:3   | Killed a six-headed hydra
 13742 | Lair:3   | HP: 25/104 [blink frog (6)]
 13743 | Lair:3   | HP: 9/104 [cane toad (15)]
 13750 | Lair:3   | Reached skill level 8 in Invocations
 13758 | Lair:3   | HP: 13/104 [blink frog (7)]
 13760 | Lair:3   | HP: 1/104 [blink frog (9)]
 13765 | Lair:3   | HP: 10/104 [blink frog (3)]
 13774 | Lair:3   | HP: 23/104 [blink frog (11)]
 14082 | Lair:3   | Found a staircase to the Snake Pit.
 14100 | Lair:3   | Found a runed translucent door.
 14672 | Lair:3   | Reached ****** piety under Okawaru
 14681 | Lair:3   | Reached XP level 13. HP: 75/111 MP: 17/19
 14694 | Lair:3   | Acquired a +0 eveningstar of draining
 14694 | Lair:3   | Received a gift from Okawaru
 14695 | Lair:3   | Acquired the +0 pair of fencer's gloves {Riposte Dex+3}
 14695 | Lair:3   | Received a gift from Okawaru
 14695 | Lair:3   | Found the +0 pair of fencer's gloves {Riposte Dex+3}
 14707 | Lair:3   | Received a gift from Okawaru
 14970 | Lair:3   | Reached skill level 11 in Maces & Flails
 15363 | Lair:3   | Reached skill level 12 in Armour
 15417 | Lair:3   | Reached skill level 11 in Shields
 15427 | Lair:3   | Found a runed translucent gate.
 15429 | Lair:3   | Found a runed translucent gate.
 15430 | Lair:3   | Found a runed translucent gate.
 15430 | Lair:3   | Found a runed translucent gate.
 15430 | Lair:3   | Found a runed translucent gate.
 15433 | Lair:3   | Found a runed translucent gate.
 15998 | Lair:2   | Received a gift from Okawaru
 16029 | Lair:2   | Reached skill level 9 in Invocations
 16106 | Lair:2   | Found a staircase to the Swamp.
 16106 | Lair:2   | Noticed an eleionoma
 16120 | Lair:2   | Killed an eleionoma
 16500 | Lair:4   | Identified the +0 chain mail "Resigix" {rC+ Will++ Str+3
                  | Int-3 Dex-5}
 16603 | Lair:4   | Gadrel: !ac 10
 16603 | Lair:4   | beem: 2.2 armour skill per 1 AC for 10 base AC
 16831 | Lair:4   | Received a gift from Okawaru
 17214 | Lair:4   | Identified the +7 dire flail "Hint" {drain, rF+ rC- Will+
                  | Int+4}
 17760 | Lair:5   | Entered Level 5 of the Lair of Beasts
 17895 | Lair:5   | Reached skill level 10 in Invocations
 17912 | Lair:5   | Reached skill level 12 in Maces & Flails
 17914 | Lair:5   | Reached skill level 10 in Fighting
 18143 | Lair:5   | Received a gift from Okawaru
 18206 | Lair:5   | Reached XP level 14. HP: 106/121 MP: 21/21
 18376 | Lair:5   | Reached skill level 12 in Shields
 18614 | Lair:5   | Reached skill level 13 in Maces & Flails
 19213 | Lair:5   | Found a viscous altar of Jiyva.
 19213 | Lair:5   | Found a staircase to the Slime Pits.
 19424 | Lair:5   | Found a burning altar of Makhleb.
 19483 | Lair:5   | Reached skill level 14 in Maces & Flails
 19485 | Lair:5   | HP: 28/121 [red devil/+0 trident (14)]
 19794 | Lair:5   | Found a gateway to Hell.
 19807 | Lair:5   | Identified the +2 shortbow "Beetle's Doom" {drain, rF+
                  | Dex+2}
 19997 | D:10     | Identified the +7 quarterstaff "Caalefan" {distort, ^Contam
                  | ^Drain rF+++ Dex+5}
 20011 | D:10     | Found an ornate altar of the Wu Jian Council.
 20012 | D:10     | Found a glowing silver altar of Zin.
 20206 | D:10     | Found Saso's Book Shoppe.
 20431 | D:11     | Found a gate leading to a gauntlet.
 20461 | D:11     | HP: 30/121 [hell knight/+5 broad axe of flaming (2)]
 20465 | D:11     | Received a gift from Okawaru
 20496 | D:11     | Found a staircase to the Orcish Mines.
 20496 | D:11     | Found Tafugh's Armour Shoppe.
 20583 | Gauntlet | Entered a Gauntlet
 20583 | Gauntlet | Found a transporter.
 20583 | Gauntlet | Found a transporter.
 20583 | Gauntlet | Found a transporter.
 20603 | Gauntlet | Found a transporter.
 20605 | Gauntlet | Found a transporter.
 20616 | Gauntlet | Found a transporter.
 20637 | Gauntlet | Found a transporter.
 20643 | Gauntlet | Found a transporter.
 20651 | Gauntlet | Found a transporter.
 20668 | Gauntlet | Found a transporter.
 20677 | Gauntlet | Found a transporter.
 20697 | Gauntlet | Found a transporter.
 20784 | Gauntlet | Identified the +4 pair of boots of Foolhardiness {Will+
                  | Int+4}
 20830 | Gauntlet | Identified the ring of Lavog {rPois Dex+4}
 20922 | Gauntlet | Identified the +1 longbow "Jellybane" {speed, +Blink rF-
                  | rC+ Will+}
 21048 | D:11     | Reached skill level 15 in Maces & Flails
 21082 | D:11     | Received a gift from Okawaru
 21259 | D:11     | Identified the +0 storm dragon scales "Hoolelaz" {rElec
                  | Str+4 Int+4}
 21274 | D:11     | Identified the +7 mace of the Everdark {drain, rPois rC+}
 21600 | D:11     | Found Ciagum's Jewellery Boutique.
 21826 | Orc:1    | Entered Level 1 of the Orcish Mines
 22272 | Orc:1    | Noticed Dimeopto's ghost (journeyman CoAl)
 22273 | Orc:1    | Found a transporter.
 22357 | Orc:1    | Found a transporter.
 22486 | Orc:2    | Entered Level 2 of the Orcish Mines
 22490 | Orc:2    | Found a staircase to the Elven Halls.
 22586 | Orc:2    | Noticed an orc warlord
 22586 | Orc:2    | Noticed Erolcha
 22617 | Orc:2    | Killed an orc warlord
 22617 | Orc:2    | Received a gift from Okawaru
 22618 | Orc:2    | Reached skill level 16 in Maces & Flails
 22618 | Orc:2    | Reached XP level 15. HP: 90/126 MP: 20/22
 22727 | Orc:1    | Killed Erolcha
 22824 | Orc:2    | Noticed Cicheybu's ghost (journeyman OpEE)
 22850 | Orc:2    | Identified the +2 great mace of Meexafafiv {drain, +Blink
                  | rElec rC+}
 22939 | Orc:2    | Found a roughly hewn altar of Beogh.
 22975 | Orc:2    | Found Hiddiuff's Antique Armour Shop.
 22983 | Orc:2    | Found Zooqueko's Antique Weapon Shop.
 23144 | Orc:2    | Bought a tower shield for 153 gold pieces
 23160 | Orc:2    | Found Odipeun's General Store.
 23167 | Orc:2    | Bought a potion of heal wounds for 65 gold pieces
 23176 | Orc:2    | Found Syful's Jewellery Shop.
 23207 | Orc:2    | Reached skill level 6 in Evocations
 23346 | Orc:2    | Gained mutation: You occasionally shout uncontrollably at
                  | your foes. [a neqoxec]
 23426 | Orc:2    | Found a roughly hewn altar of Beogh.
 23568 | Orc:2    | Found a transporter.
 23573 | Orc:2    | Found a transporter.
 23602 | Orc:2    | Killed Cicheybu's ghost
 23822 | Orc:1    | Killed Dimeopto's ghost
 24044 | Orc:1    | Identified the +4 flail "Cuellebb" {heavy, rF+}
 24046 | Orc:1    | Identified the +9 great sword of Duty {protect, rN+ rCorr
                  | Int+3}
 24101 | Orc:2    | Bought the amulet "Ohuhyo" {Acrobat Dex+4} for 635 gold
                  | pieces
 24111 | Orc:2    | Gadrel: !ac 12
 24111 | Orc:2    | beem: 1.83 armour skill per 1 AC for 12 base AC
 24290 | Snake:1  | Entered Level 1 of the Snake Pit
 24527 | Snake:1  | Reached skill level 11 in Invocations
 24647 | Snake:1  | Received a gift from Okawaru
 24648 | Snake:1  | Reached skill level 7 in Evocations
 24786 | Snake:1  | Noticed Nikola
 24803 | Snake:1  | Killed Nikola
 24809 | Snake:1  | Noticed Jorgrun
 24870 | Snake:1  | Killed Jorgrun
 25103 | Snake:1  | Reached skill level 13 in Shields
 25223 | Snake:1  | Received a gift from Okawaru
 25324 | Snake:1  | Reached skill level 13 in Armour
 25381 | Snake:1  | Identified the +0 ring mail of Fedhas's Benevolence {Harm
                  | Str+3}
 25899 | Snake:2  | Found Jarogos's Antique Armour Boutique.
 25947 | Snake:2  | Found Huich's Antique Armour Boutique.
 25947 | Snake:2  | Found Vitikix's Assorted Antiques.
 25957 | Snake:2  | Found Bawkot's Antique Armour Shop.
 25968 | Snake:2  | Bought a scroll of blinking for 240 gold pieces
 25968 | Snake:2  | Bought a blackened brass wand for 128 gold pieces
 25968 | Snake:2  | Bought a shiny helmet for 240 gold pieces
 26006 | Snake:2  | Noticed a nagaraja
 26013 | Snake:2  | Reached skill level 8 in Evocations
 26015 | Snake:2  | Killed a nagaraja
 26016 | Snake:2  | Reached XP level 16. HP: 117/136 MP: 24/24
 26929 | Snake:3  | HP: 32/136 [poisoned by a nagaraja (poison arrow)]
 26934 | Snake:2  | HP: 21/136 [poisoned by a nagaraja (poison arrow)]
 26939 | Snake:2  | HP: 18/136 [poisoned by a nagaraja (poison arrow)]
 27225 | Snake:3  | Received a gift from Okawaru
 27253 | Snake:3  | Reached skill level 12 in Invocations
 27259 | Snake:3  | Reached skill level 11 in Fighting
 27304 | Snake:3  | HP: 33/137 [naga warrior/+3 halberd of freezing (19)]
 27838 | Snake:3  | Received a gift from Okawaru
 27839 | Snake:3  | Reached skill level 9 in Evocations
 27889 | Snake:3  | Reached skill level 14 in Armour
 27919 | Snake:3  | Reached skill level 14 in Shields
 28625 | Snake:3  | Received a gift from Okawaru
 29257 | Snake:4  | Entered Level 4 of the Snake Pit
 29495 | Snake:4  | Received a gift from Okawaru
 29525 | Snake:4  | Found a transporter.
 29528 | Snake:4  | Found a transporter.
 29528 | Snake:4  | Noticed jfitz's ghost (adept MiBe)
 29575 | Snake:4  | Reached skill level 10 in Evocations
 29581 | Snake:4  | Reached XP level 17. HP: 85/146 MP: 15/26
 29630 | Snake:4  | Reached skill level 12 in Fighting
 29804 | Snake:4  | Reached skill level 15 in Armour
 29858 | Snake:3  | HP: 29/146 [black mamba (10)]
 30268 | Snake:4  | Reached skill level 15 in Shields
 30294 | Snake:4  | Received a gift from Okawaru
 30378 | Snake:4  | Reached skill level 16 in Armour
 30845 | Snake:4  | Identified the +2 long sword of the Threshing Viper {flame,
                  | Int+3}
 30893 | Snake:4  | Reached skill level 17 in Armour
 31021 | Snake:4  | Got a serpentine rune of Zot
 31535 | Lair:2   | HP: 33/146 [oklob plant/splash of acid (31)]
 32159 | Swamp:1  | Entered Level 1 of the Swamp
 32164 | Swamp:1  | Identified the +7 war axe of Riampaa {holy, rPois rF-
                  | Dex+5}
 32212 | Swamp:1  | Found a glacial archway.
 32227 | IceCv    | Entered an ice cave
 32356 | IceCv    | Reached skill level 18 in Armour
 32524 | IceCv    | Noticed an Ice Fiend
 32524 | IceCv    | Noticed an Ice Fiend
 32529 | IceCv    | Killed an Ice Fiend
 32677 | IceCv    | HP: 35/146 [Ice Fiend (16)]
 32682 | IceCv    | Killed an Ice Fiend
 33273 | Swamp:1  | Received a gift from Okawaru
 33553 | Swamp:2  | Identified the serpent talisman of the Snake Pit {*Slow
                  | +Blink rC- Will+++}
 33553 | Swamp:2  | Noticed Aizul
 33700 | Swamp:2  | Killed Aizul
 34268 | Swamp:3  | Reached skill level 13 in Fighting
 34387 | Swamp:3  | Reached XP level 18. HP: 148/157 MP: 27/27
 34736 | Swamp:4  | Entered Level 4 of the Swamp
 34975 | Swamp:4  | Received a gift from Okawaru
 35153 | Swamp:4  | Reached skill level 14 in Fighting
 35211 | Swamp:4  | Noticed the 27-headed Lernaean hydra
 35217 | Swamp:4  | Killed the 27-headed Lernaean hydra
 35236 | Swamp:4  | Got a decaying rune of Zot
 35824 | D:12     | Received a gift from Okawaru
 36026 | D:12     | Reached skill level 15 in Fighting
 36392 | D:12     | Reached skill level 3 in Throwing
 36467 | D:12     | Identified the +2 scale mail of Mysticism {Harm rElec rCorr
                  | Dex-2}
 36513 | D:12     | Found a blossoming altar of Fedhas.
 37075 | D:13     | Reached skill level 4 in Throwing
 37656 | D:14     | Received a gift from Okawaru
 37657 | D:14     | Reached skill level 5 in Throwing
 37868 | D:14     | Found a transporter.
 37874 | D:14     | Found a transporter.
 37946 | D:14     | Found a gate to the Vaults.
 38098 | D:14     | Noticed jfitz's ghost (journeyman MDBe)
 38139 | D:14     | Paralysed by a vampire knight for 4 turns
 38143 | D:14     | HP: 33/163 [something (15)]
 38143 | D:14     | HP: 15/163 [freezing wraith (10)]
 38143 | D:14     | HP: 7/163 [freezing wraith (8)]
 38143 | D:14     | HP: 1/163 [something (6)]
 38493 | D:14     | HP: 26/163 [vampire knight/+0 halberd (15)]
 38765 | D:15     | Entered Level 15 of the Dungeon
 38839 | D:15     | Reached skill level 6 in Throwing
 39058 | D:15     | Found a shadowy altar of Dithmenos.
 39304 | D:15     | Reached skill level 7 in Throwing
 39308 | D:15     | Received a gift from Okawaru
 39315 | D:15     | Found a staircase to the Depths.
 39532 | D:15     | Noticed Louise
 39544 | D:15     | Killed Louise
 39715 | D:14     | Killed jfitz's ghost
 39802 | Vaults:1 | Entered Level 1 of the Vaults
 39825 | Vaults:1 | Reached skill level 8 in Throwing
 40074 | Vaults:1 | Found Nealy's Jewellery Shoppe.
 40080 | Vaults:1 | Bought the ring "Meepnuh" {rF+ rCorr} for 612 gold pieces
 40209 | Vaults:1 | Reached skill level 9 in Throwing
 40219 | Vaults:1 | Reached XP level 19. HP: 164/170 MP: 28/28
 40301 | Vaults:1 | Received a gift from Okawaru
 40472 | Vaults:1 | Reached skill level 10 in Throwing
 40855 | Vaults:1 | Received a gift from Okawaru
 40856 | Vaults:1 | Reached skill level 11 in Throwing
 41357 | Vaults:2 | Received a gift from Okawaru
 41789 | Vaults:2 | Reached skill level 11 in Evocations
 42294 | Vaults:2 | Found a staircase to the Crypt.
 42630 | Vaults:3 | Reached skill level 13 in Invocations
 42638 | Vaults:3 | Received a gift from Okawaru
 42669 | Vaults:3 | Found Xukhloc's Jewellery Boutique.
 42689 | Vaults:3 | Found Rifipulef's General Store.
 42706 | Vaults:3 | Reached skill level 16 in Shields
 43158 | Vaults:3 | Reached XP level 20. HP: 148/178 MP: 30/30
 43256 | Vaults:3 | Found Worinuwa's Armour Shop.
 43257 | Vaults:3 | Found Qurer's Book Boutique.
 43411 | Vaults:3 | Identified the +2 robe "Opsapt" {Str+2 Int+2}
 43411 | Vaults:3 | Noticed Boris
 43420 | Vaults:3 | Killed Boris
 43597 | Vaults:3 | Received a gift from Okawaru
 43706 | Vaults:3 | Identified the +6 hand cannon "Diopit" {elec, rF+ rN+
                  | Str-3}
 43797 | Vaults:3 | Reached skill level 12 in Evocations
 43961 | Vaults:3 | Gadrel: !ac 16
 43961 | Vaults:3 | beem: 1.38 armour skill per 1 AC for 16 base AC
 44537 | Vaults:4 | Reached skill level 14 in Invocations
 44546 | Vaults:4 | Reached skill level 17 in Shields
 44546 | Vaults:4 | Received a gift from Okawaru
 44721 | Vaults:4 | Reached skill level 19 in Armour
 45241 | Vaults:4 | Received a gift from Okawaru
 45321 | Vaults:4 | Reached skill level 18 in Shields
 45398 | Vaults:4 | Identified the +5 quarterstaff "Qokluawk" {antimagic, SInv}
 45974 | Snake:4  | Killed jfitz's ghost
 46303 | Elf:1    | Entered Level 1 of the Elven Halls
 46614 | Elf:1    | Received a gift from Okawaru
 46621 | Elf:1    | Reached skill level 19 in Shields
 46776 | Elf:1    | Found Zekhlu's Self-Published Books.
 46845 | Elf:1    | Found Woocul's Jewellery Emporium.
 47064 | Elf:1    | Reached XP level 21. HP: 147/184 MP: 31/31
 47597 | Elf:2    | Reached skill level 20 in Shields
 48025 | Elf:2    | Found a runed translucent gate.
 48026 | Elf:2    | Found a runed translucent gate.
 48026 | Elf:2    | Found a runed translucent gate.
 48212 | Elf:2    | Received a gift from Okawaru
 48498 | Elf:3    | Entered Level 3 of the Elven Halls
 48498 | Elf:3    | Noticed wally255's ghost (adept TrFi)
 48498 | Elf:3    | Found a runed translucent door.
 48515 | Elf:3    | Killed wally255's ghost
 48516 | Elf:3    | Reached skill level 16 in Fighting
 48550 | Elf:3    | Found Onap's General Store.
 49105 | Elf:3    | Received a gift from Okawaru
 49200 | Elf:3    | HP: 39/188 [deep elf high priest/a malign offering (18)]
 49205 | Elf:3    | HP: 35/188 [poisoned by a deep elf annihilator (poison
                  | arrow)]
 49372 | Elf:3    | Identified the ring of Jariwo {rC+ Int+5}
 49441 | Elf:3    | Reached skill level 13 in Evocations
 49458 | Abyss:3  | Cast into level 3 of the Abyss (a deep elf sorcerer)
 49588 | Abyss:3  | Reached skill level 15 in Invocations
 49651 | Abyss:3  | Gained mutation: You are vulnerable to cold. (rC-) [a
                  | neqoxec]
 49671 | Abyss:3  | Received a gift from Okawaru
 49718 | Elf:3    | Escaped the Abyss
 49738 | Elf:3    | Reached skill level 14 in Evocations
 49984 | Elf:3    | Identified the +7 fire dragon scales of Xokuvi Bace
                  | {*Corrode rF++ rC- rN++ MP-9 Int+3}
 49997 | Elf:3    | Identified the staff "Magg" {rC+ Int+6 Ice}
 50000 | Elf:3    | Identified the +1 sling "Irhuem" {antimagic, rCorr Str+3
                  | Dex+3}
 50001 | Elf:3    | Identified the +3 robe "Woelus" {+Inv rElec rC++ Slay-2}
 50019 | Elf:3    | Identified the +3 orcbow of the Dancing Dragonfly {flame,
                  | rF- Str+4 Int+2}
 50048 | Elf:3    | Identified the +3 great sword of Conflict {flame, ^Drain
                  | Str+3 Int+5}
 50054 | Elf:3    | Identified the +3 ring mail of the Dwarven Hall {Str+2
                  | Slay+3}
 50081 | Elf:3    | Identified the +7 plate armour "Rablued" {rF+}
 50540 | Vaults:5 | Entered Level 5 of the Vaults
 50550 | Vaults:5 | Received a gift from Okawaru
 50551 | Vaults:5 | Reached skill level 15 in Evocations
 50551 | Vaults:5 | Reached XP level 22. HP: 101/195 MP: 33/33
 50957 | Vaults:5 | Identified the orb of Privacy {light, *Slow rPois Fire Ice}
 50957 | Vaults:5 | Noticed Frederick
 50984 | Vaults:5 | HP: 33/195 [Frederick/iron shot (36)]
 50988 | Vaults:5 | Killed Frederick
 51228 | Vaults:5 | Identified the +3 halberd of Severance {pain, Will+ Str+3}
 51234 | Vaults:5 | Reached skill level 21 in Shields
 51345 | Vaults:5 | Noticed Xtahua
 51369 | Vaults:5 | Paralysed by Xtahua for 3 turns
 51374 | Vaults:5 | Killed Xtahua
 51374 | Vaults:5 | Received a gift from Okawaru
 51389 | Vaults:5 | Noticed a golden dragon
 51400 | Vaults:5 | Killed a golden dragon
 51547 | Vaults:5 | Noticed a dread lich
 51569 | Vaults:5 | HP: 46/193 [something (12)]
 51573 | Vaults:5 | Paralysed by something for 5 turns
 51596 | Vaults:5 | HP: 29/187 [frost giant/bolt of cold (21)]
 51608 | Vaults:5 | Killed a dread lich
 51609 | Vaults:5 | Reached skill level 22 in Shields
 52098 | Vaults:5 | Received a gift from Okawaru
 52474 | Vaults:5 | Noticed Bai Suzhen
 52650 | Vaults:5 | Killed Bai Suzhen
 52702 | Vaults:5 | Reached skill level 23 in Shields
 52709 | Vaults:5 | Received a gift from Okawaru
 52804 | Vaults:5 | Found Nuad Jasoupt's Antique Weapon Shoppe.
 53518 | Vaults:5 | Identified the scarf of Kokuit {shadows, Dex+3}
 53521 | Vaults:5 | Got a silver rune of Zot
 53539 | Vaults:5 | Identified the +9 long sword of an ice cave {flame, rN+
                  | rCorr Str+4 Dex-3}
 53601 | Vaults:5 | Lost mutation: You occasionally shout uncontrollably at
                  | your foes. [potion of mutation]
 53601 | Vaults:5 | Lost mutation: You are vulnerable to cold. (rC-) [potion of
                  | mutation]
 53601 | Vaults:5 | Gained mutation: You occasionally shout uncontrollably at
                  | your foes. [potion of mutation]
 53601 | Vaults:5 | Gained mutation: You sometimes lose your temper in combat.
                  | [potion of mutation]
 53601 | Vaults:5 | Gained mutation: Your spells are a little harder to cast,
                  | but a little more powerful. [potion of mutation]
 53602 | Vaults:5 | Lost mutation: You occasionally shout uncontrollably at
                  | your foes. [potion of mutation]
 53602 | Vaults:5 | Lost mutation: You sometimes lose your temper in combat.
                  | [potion of mutation]
 53602 | Vaults:5 | Lost mutation: Your spells are a little harder to cast, but
                  | a little more powerful. [potion of mutation]
 53602 | Vaults:5 | Gained mutation: You have sharp toenails. [potion of
                  | mutation]
 53777 | Depths:1 | Entered Level 1 of the Depths
 54037 | Depths:1 | Noticed Saint Roka
 54156 | Depths:1 | Reached XP level 23. HP: 152/202 MP: 34/34
 54160 | D:15     | Received a gift from Okawaru
 54281 | Depths:1 | Reached skill level 24 in Shields
 54288 | Depths:1 | Killed Saint Roka
 54321 | Depths:1 | Noticed Cein's ghost (veteran DgCj)
 54343 | Depths:1 | Found a transporter.
 54540 | Depths:1 | Found a transporter.
 54637 | Depths:1 | Found Lenwoc's Jewellery Shoppe.
 54637 | Depths:1 | Found Ycaos's Book Boutique.
 54638 | Depths:1 | Found Qeizoog's Jewellery Shoppe.
 54706 | Depths:1 | HP: 43/202 [spore (10)]
 54711 | Depths:1 | HP: 31/202 [fire giant/fireball (5)]
 54715 | Depths:1 | HP: 7/202 [spore (11)]
 55093 | Depths:1 | Killed Cein's ghost
 55173 | Depths:2 | Received a gift from Okawaru
 55267 | Depths:2 | Reached skill level 25 in Shields
 55332 | Depths:2 | Found a magical portal.
 55337 | WizLab   | Entered Zonguldrok's Shrine
 55453 | WizLab   | Paralysed by a vampire knight for 5 turns
 55467 | WizLab   | Reached skill level 20 in Armour
 55481 | WizLab   | Received a gift from Okawaru
 55658 | WizLab   | Noticed an antique champion
 55658 | WizLab   | Noticed an antique champion
 55665 | Arena    | Entered the Arena
 55671 | Arena    | Killed an antique champion
 55688 | WizLab   | Killed an antique champion
 55698 | WizLab   | Identified the +1 kite shield of Unreason {rPois Will+
                  | Int-4 Dex+4}
 55750 | WizLab   | Identified the +12 crystal plate armour of Conscience
                  | {Str-4 Dex+5}
 55975 | Depths:2 | Identified the +6 broad axe of the Crawling Thing {flame,
                  | rF+ rN+}
 56011 | Depths:2 | Reached skill level 21 in Armour
 56180 | Depths:2 | Identified the +3 leather armour of Ru's Respect {Dex+4}
 56212 | Depths:2 | Found Viewawka's Gadget Gallery.
 56266 | Depths:2 | HP: 49/204 [something (6)]
 56266 | Depths:2 | HP: 23/204 [something (6)]
 56266 | Depths:2 | HP: 11/204 [something (7)]
 56888 | Depths:2 | Found a one-way gate leading to the halls of Pandemonium.
 57628 | Depths:1 | Bought the amulet "Zatalal" {Faith rF+ rCorr Dex-4 Slay+2}
                  | for 1013 gold pieces
 58128 | Depths:3 | Found a one-way gate to the infinite horrors of the Abyss.
 58133 | Depths:3 | Reached skill level 17 in Fighting
 58236 | Depths:3 | Reached skill level 22 in Armour
 58518 | Depths:3 | Received a gift from Okawaru
 58889 | Depths:3 | Reached XP level 24. HP: 216/216 MP: 34/34
 58894 | Depths:3 | Found an ancient bone altar of Kikubaaqudgha.
 58916 | Depths:3 | Reached skill level 18 in Fighting
 59119 | Depths:4 | Entered Level 4 of the Depths
 59659 | Depths:4 | Received a gift from Okawaru
 60031 | Depths:4 | Found Saleacu's Superlative Supplies.
 60058 | Depths:4 | Found a one-way gateway to a ziggurat.
 60059 | Depths:4 | Gained mutation: You are vulnerable to heat. (rF-) [a
                  | shining eye]
 60066 | Depths:4 | Gained mutation: Your health recovers twice as slowly from
                  | being drained. [a shining eye]
 60072 | Depths:4 | Gained mutation: You are very vulnerable to heat. (rF--) [a
                  | shining eye]
 60078 | Depths:4 | Lost mutation: You have sharp toenails. [potion of
                  | mutation]
 60078 | Depths:4 | Lost mutation: Your health recovers twice as slowly from
                  | being drained. [potion of mutation]
 60078 | Depths:4 | Lost mutation: You are very vulnerable to heat. (rF--)
                  | [potion of mutation]
 60078 | Depths:4 | Gained mutation: You do not regenerate when monsters are
                  | visible. [potion of mutation]
 60078 | Depths:4 | Gained mutation: You have a somewhat thin skeletal
                  | structure. (Dex +2, Stealth+) [potion of mutation]
 60079 | Depths:4 | Lost mutation: You are vulnerable to heat. (rF-) [potion of
                  | mutation]
 60079 | Depths:4 | Lost mutation: You have a somewhat thin skeletal structure.
                  | (Dex +2, Stealth+) [potion of mutation]
 60079 | Depths:4 | Lost mutation: You do not regenerate when monsters are
                  | visible. [potion of mutation]
 60079 | Depths:4 | Gained mutation: Your flesh is heat resistant. (rF+)
                  | [potion of mutation]
 60513 | Depths:4 | Found a gate to the Realm of Zot.
 60522 | Zot:1    | Entered Level 1 of the Realm of Zot
 60525 | Zot:1    | Reached skill level 19 in Fighting
 60809 | Depths:4 | Received a gift from Okawaru
 61360 | Zot:1    | Noticed an orb of fire
 61619 | Zot:1    | Reached skill level 1 in Dodging
 61646 | Zot:1    | You fall into a shaft and drop 1 floor!
 61918 | Zot:1    | HP: 44/223 [??? (41)]
 62204 | Zot:1    | Found the +8 lance "Wyrmbane" {slay drac, rPois rF+ rC+
                  | AC+3}
 62210 | Zot:1    | Identified the +7 falchion of Ixtuc {heavy, Fly MP+9}
 62211 | Zot:1    | Identified the ring of the Mashing Traitor {*Slow Fly rPois
                  | rC+++ Int-2}
 62348 | Zot:1    | Reached skill level 2 in Dodging
 62614 | Zot:1    | Reached skill level 1 in Polearms
 63384 | Zot:2    | Reached skill level 2 in Polearms
 63508 | Zot:2    | Received a gift from Okawaru
 63768 | Zot:2    | Reached skill level 3 in Dodging
 64016 | Zot:2    | Noticed a dread lich
 64021 | Zot:2    | Paralysed by a dread lich for 2 turns
 64025 | Zot:2    | Killed a dread lich
 64026 | Zot:2    | Reached skill level 20 in Fighting
 64034 | Zot:2    | Noticed a dread lich
 64035 | Zot:2    | Reached skill level 3 in Polearms
 64038 | Arena    | Entered the Arena
 64044 | Arena    | Killed a dread lich
 64268 | Zot:2    | Received a gift from Okawaru
 64504 | Zot:2    | Reached skill level 4 in Dodging
 64872 | Zot:3    | HP: 53/212 [??? (50)]
 64876 | Zot:3    | Reached skill level 4 in Polearms
 65250 | Zot:3    | Reached XP level 25. HP: 215/224 MP: 34/34
 65306 | Zot:3    | Noticed a Killer Klown
 65321 | Zot:3    | Killed a Killer Klown
 65373 | Zot:3    | Received a gift from Okawaru
 65835 | Zot:3    | Reached skill level 5 in Dodging
 65852 | Zot:3    | Reached skill level 5 in Polearms
 66116 | Zot:3    | Received a gift from Okawaru
 66176 | Zot:3    | HP: 57/233 [wind drake/the air[a yellow draconian
                  | stormcaller] (4)]
 66181 | Zot:3    | HP: 23/233 [acid blob (34)]
 66181 | Zot:3    | HP: 11/233 [acid blob/splash of acid (8)]
 66182 | Zot:3    | Killed from afar by a yellow draconian stormcaller

Illustrated notes

Levels and vault maps discovered:
D:1:      heliophobic_arrival_battle_scene, layout_basic
D:2:      minmay_chambers_of_ones, layout_rooms, uniq_robin
D:3:      layout_loops_ring, cheibrodos_worm_habitat, minmay_misc_feat_chi,
          corexii_shack
D:4:      layout_cave_pools, grunt_temple_overflow_forces_of_nature,
          nicolae_tso_carved_into_rock, nicolae_letterblocks
          [nicolae_letter_subblock, nicolae_letter_subblock,
          nicolae_letter_subblock, nicolae_letter_subblock,
          nicolae_letter_subblock, nicolae_letter_subblock,
          nicolae_letter_subblock, nicolae_letter_subblock,
          nicolae_letter_subblock, nicolae_letter_subblock,
          nicolae_letter_subblock, nicolae_letter_subblock,
          nicolae_letter_subblock, nicolae_letter_subblock,
          nicolae_letter_subblock, nicolae_letter_subblock,
          nicolae_letter_subblock, nicolae_letter_subblock,
          nicolae_letter_subblock, nicolae_letter_subblock,
          nicolae_letter_subblock, nicolae_letter_subblock,
          nicolae_letter_subblock, nicolae_letter_subblock,
          nicolae_letter_subblock], uniq_ijyb
D:5:      layout_gridville, serial_shops, shop, kennysheep_generic_room_9,
          uniq_duvessa, uniq_edmund
D:6:      layout_rooms, serial_shops, nicolae_diamond_shop,
          nicolae_twisty_statue_hallways
D:7:      layout_loops_ring, mainiacjoe_overflow_tiny_flanked,
          minmay_temple_entry_statues_fountains, st_stairs_2,
          dilly_guarded_unrand_throatcut, uniq_prince_ribbit1, uniq_menkaure
D:8:      layout_rooms, mainiacjoe_overflow_small_starburst, kennysheep_diamond
D:9:      layout_layer_cave, ashenzari_altar_1, grunt_lair_entry_orc_guard_hut,
          uniq_maggie
D:10:     layout_cave_pools, jmf_multi_god_temple, serial_shops, shop
D:11:     minmay_the_grid_plus [minmay_the_grid_minigrid_small,
          minmay_the_grid_zigzag_pyramid, minmay_the_grid_eight,
          minmay_the_grid_medium_cups, minmay_the_grid_prize_diamond_cup],
          layout_basic, orc_david_3, serial_shops, nicolae_shop_hallway_stairs,
          gauntlet_entry_generic
D:12:     four-leaf_vault, layout_gridville, serial_bayou, serial_bayou_lake_a,
          serial_bayou_shore_b, serial_bayou_crossing, serial_bayou_pond_d,
          hangedman_decor_points, hangedman_abyss_or_decor_clamps,
          fedhas_altar_3
D:13:     layout_roguey, nicolae_hexahallways
D:14:     layout_cave_pools, david_vaults_5, gammafunk_ghost_mausoleum
D:15:     grunt_enter_depths_snipers, layout_basic, serial_library,
          serial_library_hellmonk_semicircle,
          serial_library_hellmonk_small_alcove,
          serial_library_hellmonk_small_alcove,
          serial_library_hellmonk_angled_corner,
          serial_library_hellmonk_long_bookcase,
          serial_library_regret_index_double_sided, old_standard_altar,
          uniq_louise
Temple:   nicolae_temple_god_jail
Lair:1:   layout_cave_pods, infiniplex_staircase_pool
Lair:2:   regret_index_harrowing_hell_hive, layout_gridlike,
          alex1729_swamp_entry_worm_eleionoma, nzn_masters_of_martial_movement,
          grunt_megastairs_4
Lair:3:   gammafunk_indiana_jones, layout_cave_pods, alex1729_snake_entry_snake,
          st_stairs_9
Lair:4:   layout_gridlike, beast_lair_carwin_1
Lair:5:   evil_forest, layout_gridlike, dpeg_slime_entry_enclosed,
          chequers_serial_rivers_micro_e
Swamp:1:  layout_basic_swamp, portal_ice_cave_entry_pillars_2,
          nicolae_swamp_decorative_isthmus, swamp_pool_3,
          nicolae_swamp_reclaimed_castle
Swamp:2:  layout_basic_swamp, evilmike_swamp_ruin_house_1, swamp_pool_4,
          uniq_aizul
Swamp:3:  nicolae_swamp_ascending_descending, layout_basic_swamp,
          nicolae_swamp_ascending_descending_big, swamp_pool_3
Swamp:4:  swamp_basic_johnstein, layout_basic_swamp
Snake:1:  layout_honeycomb, nicolae_snake_salamander_stairs,
          serial_bayou_shore_a, uniq_jorgrun, uniq_nikola
Snake:2:  layout_grid_maze, minmay_shoptagon
Snake:3:  nicolae_cobra_stairs, layout_layer_cave, serial_bayou_shore_b
Snake:4:  minmay_snake_end_coiled, layout_cave_shapes, gammafunk_ghost_arena,
          serial_bayou_pond_e, grunt_ministairs_6, lemuel_fruit_tree
Orc:1:    layout_caves, gammafunk_ghost_berserking_beasts, nicolae_orc_lava_tube
Orc:2:    grunt_orc_cross, layout_diamond_mine, gammafunk_ghost_smash,
          nicolae_orc_seminary
Elf:1:    nicolae_elf_arrival_fired_up, layout_onion_city,
          hangedman_elven_crosses_minicolossus, minmay_shop_enchanted_jewellery,
          nicolae_custom_books, fountainhead
Elf:2:    nicolae_elf_blades_crystal_corner, layout_loops_corners
Elf:3:    minmay_elf_hall_hex, layout_loops_cross, serial_shops,
          nicolae_shop_tiny_statue_garden, ebering_ghost_inner_flame
Vaults:1: nicolae_vaults_double_plus_2, vaults_mumra_hex,
          nicolae_vaults_what_the_h, nicolae_vaults_specimen_jars,
          nicolae_vaults_prndl, nicolae_vaults_wrenched, v_misc_2, v_rooms_5,
          nicolae_vaults_security_offices_3, nicolae_vaults_ninety_degrees,
          nicolae_vaults_trapezoid_2, nicolae_vaults_ring_of_whatevers,
          vaults_dpeg_encased_lava, layout_vaults_maze_snakey, serial_shops,
          shop
Vaults:2: hangedman_vaults_variations, vaults_dpeg_emergency_exit,
          nicolae_vaults_tetromino_L_1, ontoclasm_vaults_claustrophobia,
          minmay_crypt_entry_simple_sparse, v_misc_29, nicolae_vaults_mitosis,
          grunt_vaults_hallway_long, vaults_room_pool, vaults_room_fours,
          dpeg_vaults_monster_box, v_misc_23, layout_vaults_omnicross
Vaults:3: hangedman_vaults_stretched_pinwheel, v_pattern_4,
          grunt_vaults_bifocal, nicolae_vaults_yaktaur_gun_rack,
          nicolae_vaults_house_2, nicolae_vaults_prndl,
          nicolae_vaults_big_angled_halls, st_lines, v_misc_31, v_misc_1,
          ontoclasm_vaults_loading_screen, layout_vaults_ring, serial_shops,
          nicolae_shop_tiny_statue_garden, shop, nicolae_shop_gaudy_bauble,
          nicolae_shop_window_shopping, uniq_boris
Vaults:4: nicolae_vaults_shipping_containers_7, nicolae_vaults_trapezoid_3,
          vaults_standard_mumra_enter_the_diamond, ontoclasm_vaults_idyll,
          grunt_vaults_trifunnel, nicolae_vaults_weapon_check, v_misc_16,
          ontoclasm_vaults_shuriken, hangedman_vaults_snaps,
          nicolae_vaults_wine_cellar, v_pattern_2, nicolae_vaults_apartment_1,
          layout_vaults_omnibox
Vaults:5: uniq_bai_suzhen, uniq_xtahua, uniq_frederick, uniq_margery
Depths:1: layout_cave_pools, hangedman_geh_valley,
          hangedman_abyss_or_decor_stabs, gammafunk_ghost_arena,
          kilobyte_rumbling_trees, minmay_shop_grove, uniq_saint_roka
Depths:2: grunt_double_whammy, layout_basic, grunt_pan_entry_sceptre,
          hell_entry, mu_enter_wizlab_2,
          hangedman_abyss_or_decor_jellyfish_corner, nicolae_shop_gadgets
Depths:3: minmay_ornate_pinched, layout_basic, hell_entry,
          regret_index_abyss_entry_earlier_magic,
          lemuel_zombie_altar_kikubaaqudgha, minmay_staircase_bubble
Depths:4: grunt_zot_entry_gee_three, layout_basic, enter_ziggurat_d,
          abyss_entry, hell_entry, grunt_decor_resistance,
          nicolae_alphabet_shops, serial_bayou_pond_b
Zot:1:    gammafunk_mikee_crab_dinner, layout_concentric_octagons,
          regret_index_zotdec_glowing_original, nrook_zot_tub
Zot:2:    hangedman_snap_crack_crunch, layout_onion_interference,
          regret_index_zotdec_zees, regret_index_zotdec_serpentine_scales
Zot:3:    lemuel_acid_trip, layout_cathedral_of_symmetry,
          st_small_dragon_hoard_1

Skill      XL: |  1  2  3  4  5  6  7  8  9 10 11 12 13 14 15 16 17 18 19 20 21 22 23 24 25 |
---------------+----------------------------------------------------------------------------+-----
Maces & Flails | 2 3 4 5 6 8 9 10 12 16 | 16.0
Fighting       | 3 4 5 6 7 8 9 10 11 13 15 16 17 20 | 20.5
Armour         | 4 5 6 7 8 9 10 11 12 13 14 18 19 22 | 22.0
Shields        | 4 5 6 8 9 10 11 12 13 14 15 16 19 20 23 25 | 25.9
Evocations     | 1 2 3 5 8 10 11 12 15 | 15.0
Invocations    | 2 6 8 10 11 12 13 14 15 | 15.0
Throwing       | 2 9 11 | 11.0
Dodging        | 4 5 |  5.4
Polearms       | 4 5 |  5.5

Action                     |  1- 3 |  4- 6 |  7- 9 | 10-12 | 13-15 | 16-18 | 19-21 | 22-24 | 25-27 || total
---------------------------+-------+-------+-------+-------+-------+-------+-------+-------+-------++-------
  Melee: Flail             |    72 |   104 |   250 |  1150 |    35 |       |       |       |       ||  1611
         Tailslap          |     7 |    13 |    34 |   161 |   205 |   299 |   387 |   489 |    77 ||  1672
         Whip              |       |    76 |    60 |       |       |       |       |       |       ||   136
         Eveningstar       |       |       |       |       |   473 |  1122 |  1288 |  1388 |    98 ||  4369
         Dire flail        |       |       |       |       |   676 |       |       |       |       ||   676
         Kick              |       |       |       |       |       |       |       |   436 |       ||   436
         Lance             |       |       |       |       |       |       |       |   105 |   101 ||   206
   Fire: Shortbow          |       |       |       |       |     2 |    35 |       |       |       ||    37
  Throw: Dart              |       |       |     2 |     6 |       |       |       |       |       ||     8
         Javelin           |       |       |       |       |       |       |    15 |     9 |       ||    24
         Boomerang         |       |       |       |       |       |       |     2 |       |       ||     2
 Invoke: Heroism           |       |       |       |     7 |    12 |    16 |     8 |     9 |       ||    52
         Finesse           |       |       |       |     1 |     2 |     1 |     1 |     7 |       ||    12
         Receive Weapon    |       |       |       |       |     1 |       |       |       |       ||     1
         Receive Armour    |       |       |       |       |     1 |       |       |       |       ||     1
         Duel              |       |       |       |       |       |       |       |     2 |       ||     2
  Evoke: Wand              |       |       |     5 |     1 |       |       |     5 |     7 |       ||    18
         Gell's gravitambo |       |       |       |       |       |       |       |     2 |       ||     2
    Use: Scroll            |     5 |     3 |    10 |     1 |    17 |    16 |     5 |    16 |     3 ||    76
         Potion            |       |       |       |     3 |       |       |     6 |    11 |     2 ||    22
   Stab: Distracted        |       |       |       |       |       |       |       |     1 |       ||     1
 Armour: Scale mail        |    69 |     6 |       |       |       |       |       |       |       ||    75
         Chain mail        |       |   127 |   384 |  1057 |   606 |       |       |       |       ||  2174
         Storm dragon scal |       |       |       |       |   228 |   643 |   498 |   911 |   152 ||  2432
         Skin              |       |       |       |       |     3 |       |       |       |       ||     3
  Dodge: Dodged            |    18 |    38 |   111 |   461 |   435 |   166 |   117 |   129 |    18 ||  1493
  Block: Buckler           |    12 |    29 |   124 |   388 |    88 |     6 |       |       |       ||   647
         Other             |       |       |       |       |    96 |       |       |       |       ||    96
         Reflection        |       |       |       |       |    26 |    82 |       |       |       ||   108
         Tower shield      |       |       |       |       |   225 |  1163 |  1251 |   961 |   233 ||  3833
         Kite shield       |       |       |       |       |       |       |       |   319 |       ||   319
Riposte: Eveningstar       |       |       |       |       |   114 |   303 |   392 |   354 |    39 ||  1202
         Dire flail        |       |       |       |       |    86 |       |       |       |       ||    86
         Lance             |       |       |       |       |       |       |       |    45 |    31 ||    76

Table legend: (Time is in decaauts)
 A = Elapsed time spent in this place.
 B = Non-inter-level travel time spent in this place.
 C = Inter-level travel time spent in this place.
 D = Time resting spent in this place.
 E = Time spent auto-exploring this place.
 F = Levels seen in this place.
 G = Mean time per level.
                   A        B        C        D        E       F      G
               +--------+--------+--------+--------+--------+-----+--------+
         Total |  65024 |  60132 |   4892 |   7659 |  39294 |  52 | 1250.5 |
       Dungeon |  16926 |  15621 |   1305 |   1858 |  10751 |  15 | 1128.4 |
        Temple |     36 |      1 |     35 |      0 |      0 |   1 |   36.0 |
          Lair |  10450 |   9763 |    687 |    812 |   6895 |   5 | 2090.0 |
         Swamp |   2619 |   2352 |    267 |    160 |   1663 |   4 |  654.8 |
     Snake Pit |   7094 |   6324 |    770 |    931 |   3894 |   4 | 1773.5 |
  Orcish Mines |   2274 |   1990 |    284 |    263 |   1250 |   2 | 1137.0 |
   Elven Halls |   3751 |   3492 |    259 |     69 |   2410 |   3 | 1250.3 |
        Vaults |   8642 |   8287 |    355 |   1358 |   5301 |   5 | 1728.4 |
        Depths |   6432 |   5627 |    805 |   1291 |   3373 |   4 | 1608.0 |
           Zot |   4878 |   4758 |    120 |    483 |   3408 |   3 | 1626.0 |
         Abyss |    251 |    251 |      0 |      0 |      0 |   1 |  251.0 |
      Ice Cave |    772 |    772 |      0 |    363 |    180 |   1 |  772.0 |
        Wizlab |    522 |    522 |      0 |      0 |    168 |   1 |  522.0 |
      Gauntlet |    347 |    347 |      0 |     69 |      0 |   1 |  347.0 |
         Arena |     24 |     24 |      0 |      0 |      0 |   2 |   12.0 |
               +--------+--------+--------+--------+--------+-----+--------+

Top non-repeatable levels by time:
  Lair:2: 3099 daAuts
     D:9: 2985 daAuts
  Lair:3: 2633 daAuts
Vaults:4: 2377 daAuts
Depths:2: 2220 daAuts
   Zot:1: 2089 daAuts
  Lair:5: 2022 daAuts
 Snake:2: 1981 daAuts
Depths:4: 1955 daAuts
 Snake:3: 1933 daAuts
Vaults:5: 1866 daAuts
   Zot:2: 1833 daAuts
 Snake:4: 1825 daAuts
Vaults:3: 1685 daAuts
    D:14: 1545 daAuts

Levels and vault maps discovered:
D:1:      heliophobic_arrival_battle_scene, layout_basic
D:2:      minmay_chambers_of_ones, layout_rooms, uniq_robin
D:3:      layout_loops_ring, cheibrodos_worm_habitat, minmay_misc_feat_chi,
          corexii_shack
D:4:      layout_cave_pools, grunt_temple_overflow_forces_of_nature,
          nicolae_tso_carved_into_rock, nicolae_letterblocks
          [nicolae_letter_subblock, nicolae_letter_subblock,
          nicolae_letter_subblock, nicolae_letter_subblock,
          nicolae_letter_subblock, nicolae_letter_subblock,
          nicolae_letter_subblock, nicolae_letter_subblock,
          nicolae_letter_subblock, nicolae_letter_subblock,
          nicolae_letter_subblock, nicolae_letter_subblock,
          nicolae_letter_subblock, nicolae_letter_subblock,
          nicolae_letter_subblock, nicolae_letter_subblock,
          nicolae_letter_subblock, nicolae_letter_subblock,
          nicolae_letter_subblock, nicolae_letter_subblock,
          nicolae_letter_subblock, nicolae_letter_subblock,
          nicolae_letter_subblock, nicolae_letter_subblock,
          nicolae_letter_subblock], uniq_ijyb
D:5:      layout_gridville, serial_shops, shop, kennysheep_generic_room_9,
          uniq_duvessa, uniq_edmund
D:6:      layout_rooms, serial_shops, nicolae_diamond_shop,
          nicolae_twisty_statue_hallways
D:7:      layout_loops_ring, mainiacjoe_overflow_tiny_flanked,
          minmay_temple_entry_statues_fountains, st_stairs_2,
          dilly_guarded_unrand_throatcut, uniq_prince_ribbit1, uniq_menkaure
D:8:      layout_rooms, mainiacjoe_overflow_small_starburst, kennysheep_diamond
D:9:      layout_layer_cave, ashenzari_altar_1, grunt_lair_entry_orc_guard_hut,
          uniq_maggie
D:10:     layout_cave_pools, jmf_multi_god_temple, serial_shops, shop
D:11:     minmay_the_grid_plus [minmay_the_grid_minigrid_small,
          minmay_the_grid_zigzag_pyramid, minmay_the_grid_eight,
          minmay_the_grid_medium_cups, minmay_the_grid_prize_diamond_cup],
          layout_basic, orc_david_3, serial_shops, nicolae_shop_hallway_stairs,
          gauntlet_entry_generic
D:12:     four-leaf_vault, layout_gridville, serial_bayou, serial_bayou_lake_a,
          serial_bayou_shore_b, serial_bayou_crossing, serial_bayou_pond_d,
          hangedman_decor_points, hangedman_abyss_or_decor_clamps,
          fedhas_altar_3
D:13:     layout_roguey, nicolae_hexahallways
D:14:     layout_cave_pools, david_vaults_5, gammafunk_ghost_mausoleum
D:15:     grunt_enter_depths_snipers, layout_basic, serial_library,
          serial_library_hellmonk_semicircle,
          serial_library_hellmonk_small_alcove,
          serial_library_hellmonk_small_alcove,
          serial_library_hellmonk_angled_corner,
          serial_library_hellmonk_long_bookcase,
          serial_library_regret_index_double_sided, old_standard_altar,
          uniq_louise
Temple:   nicolae_temple_god_jail
Lair:1:   layout_cave_pods, infiniplex_staircase_pool
Lair:2:   regret_index_harrowing_hell_hive, layout_gridlike,
          alex1729_swamp_entry_worm_eleionoma, nzn_masters_of_martial_movement,
          grunt_megastairs_4
Lair:3:   gammafunk_indiana_jones, layout_cave_pods, alex1729_snake_entry_snake,
          st_stairs_9
Lair:4:   layout_gridlike, beast_lair_carwin_1
Lair:5:   evil_forest, layout_gridlike, dpeg_slime_entry_enclosed,
          chequers_serial_rivers_micro_e
Swamp:1:  layout_basic_swamp, portal_ice_cave_entry_pillars_2,
          nicolae_swamp_decorative_isthmus, swamp_pool_3,
          nicolae_swamp_reclaimed_castle
Swamp:2:  layout_basic_swamp, evilmike_swamp_ruin_house_1, swamp_pool_4,
          uniq_aizul
Swamp:3:  nicolae_swamp_ascending_descending, layout_basic_swamp,
          nicolae_swamp_ascending_descending_big, swamp_pool_3
Swamp:4:  swamp_basic_johnstein, layout_basic_swamp
Snake:1:  layout_honeycomb, nicolae_snake_salamander_stairs,
          serial_bayou_shore_a, uniq_jorgrun, uniq_nikola
Snake:2:  layout_grid_maze, minmay_shoptagon
Snake:3:  nicolae_cobra_stairs, layout_layer_cave, serial_bayou_shore_b
Snake:4:  minmay_snake_end_coiled, layout_cave_shapes, gammafunk_ghost_arena,
          serial_bayou_pond_e, grunt_ministairs_6, lemuel_fruit_tree
Orc:1:    layout_caves, gammafunk_ghost_berserking_beasts, nicolae_orc_lava_tube
Orc:2:    grunt_orc_cross, layout_diamond_mine, gammafunk_ghost_smash,
          nicolae_orc_seminary
Elf:1:    nicolae_elf_arrival_fired_up, layout_onion_city,
          hangedman_elven_crosses_minicolossus, minmay_shop_enchanted_jewellery,
          nicolae_custom_books, fountainhead
Elf:2:    nicolae_elf_blades_crystal_corner, layout_loops_corners
Elf:3:    minmay_elf_hall_hex, layout_loops_cross, serial_shops,
          nicolae_shop_tiny_statue_garden, ebering_ghost_inner_flame
Vaults:1: nicolae_vaults_double_plus_2, vaults_mumra_hex,
          nicolae_vaults_what_the_h, nicolae_vaults_specimen_jars,
          nicolae_vaults_prndl, nicolae_vaults_wrenched, v_misc_2, v_rooms_5,
          nicolae_vaults_security_offices_3, nicolae_vaults_ninety_degrees,
          nicolae_vaults_trapezoid_2, nicolae_vaults_ring_of_whatevers,
          vaults_dpeg_encased_lava, layout_vaults_maze_snakey, serial_shops,
          shop
Vaults:2: hangedman_vaults_variations, vaults_dpeg_emergency_exit,
          nicolae_vaults_tetromino_L_1, ontoclasm_vaults_claustrophobia,
          minmay_crypt_entry_simple_sparse, v_misc_29, nicolae_vaults_mitosis,
          grunt_vaults_hallway_long, vaults_room_pool, vaults_room_fours,
          dpeg_vaults_monster_box, v_misc_23, layout_vaults_omnicross
Vaults:3: hangedman_vaults_stretched_pinwheel, v_pattern_4,
          grunt_vaults_bifocal, nicolae_vaults_yaktaur_gun_rack,
          nicolae_vaults_house_2, nicolae_vaults_prndl,
          nicolae_vaults_big_angled_halls, st_lines, v_misc_31, v_misc_1,
          ontoclasm_vaults_loading_screen, layout_vaults_ring, serial_shops,
          nicolae_shop_tiny_statue_garden, shop, nicolae_shop_gaudy_bauble,
          nicolae_shop_window_shopping, uniq_boris
Vaults:4: nicolae_vaults_shipping_containers_7, nicolae_vaults_trapezoid_3,
          vaults_standard_mumra_enter_the_diamond, ontoclasm_vaults_idyll,
          grunt_vaults_trifunnel, nicolae_vaults_weapon_check, v_misc_16,
          ontoclasm_vaults_shuriken, hangedman_vaults_snaps,
          nicolae_vaults_wine_cellar, v_pattern_2, nicolae_vaults_apartment_1,
          layout_vaults_omnibox
Vaults:5: uniq_bai_suzhen, uniq_xtahua, uniq_frederick, uniq_margery
Depths:1: layout_cave_pools, hangedman_geh_valley,
          hangedman_abyss_or_decor_stabs, gammafunk_ghost_arena,
          kilobyte_rumbling_trees, minmay_shop_grove, uniq_saint_roka
Depths:2: grunt_double_whammy, layout_basic, grunt_pan_entry_sceptre,
          hell_entry, mu_enter_wizlab_2,
          hangedman_abyss_or_decor_jellyfish_corner, nicolae_shop_gadgets
Depths:3: minmay_ornate_pinched, layout_basic, hell_entry,
          regret_index_abyss_entry_earlier_magic,
          lemuel_zombie_altar_kikubaaqudgha, minmay_staircase_bubble
Depths:4: grunt_zot_entry_gee_three, layout_basic, enter_ziggurat_d,
          abyss_entry, hell_entry, grunt_decor_resistance,
          nicolae_alphabet_shops, serial_bayou_pond_b
Zot:1:    gammafunk_mikee_crab_dinner, layout_concentric_octagons,
          regret_index_zotdec_glowing_original, nrook_zot_tub
Zot:2:    hangedman_snap_crack_crunch, layout_onion_interference,
          regret_index_zotdec_zees, regret_index_zotdec_serpentine_scales
Zot:3:    lemuel_acid_trip, layout_cathedral_of_symmetry,
          st_small_dragon_hoard_1

Table legend: (Time is in decaauts)
 A = Elapsed time spent in this place.
 B = Non-inter-level travel time spent in this place.
 C = Inter-level travel time spent in this place.
 D = Time resting spent in this place.
 E = Time spent auto-exploring this place.
 F = Levels seen in this place.
 G = Mean time per level.
                   A        B        C        D        E       F      G
               +--------+--------+--------+--------+--------+-----+--------+
         Total |  65024 |  60132 |   4892 |   7659 |  39294 |  52 | 1250.5 |
       Dungeon |  16926 |  15621 |   1305 |   1858 |  10751 |  15 | 1128.4 |
        Temple |     36 |      1 |     35 |      0 |      0 |   1 |   36.0 |
          Lair |  10450 |   9763 |    687 |    812 |   6895 |   5 | 2090.0 |
         Swamp |   2619 |   2352 |    267 |    160 |   1663 |   4 |  654.8 |
     Snake Pit |   7094 |   6324 |    770 |    931 |   3894 |   4 | 1773.5 |
  Orcish Mines |   2274 |   1990 |    284 |    263 |   1250 |   2 | 1137.0 |
   Elven Halls |   3751 |   3492 |    259 |     69 |   2410 |   3 | 1250.3 |
        Vaults |   8642 |   8287 |    355 |   1358 |   5301 |   5 | 1728.4 |
        Depths |   6432 |   5627 |    805 |   1291 |   3373 |   4 | 1608.0 |
           Zot |   4878 |   4758 |    120 |    483 |   3408 |   3 | 1626.0 |
         Abyss |    251 |    251 |      0 |      0 |      0 |   1 |  251.0 |
      Ice Cave |    772 |    772 |      0 |    363 |    180 |   1 |  772.0 |
        Wizlab |    522 |    522 |      0 |      0 |    168 |   1 |  522.0 |
      Gauntlet |    347 |    347 |      0 |     69 |      0 |   1 |  347.0 |
         Arena |     24 |     24 |      0 |      0 |      0 |   2 |   12.0 |
               +--------+--------+--------+--------+--------+-----+--------+

Top non-repeatable levels by time:
  Lair:2: 3099 daAuts
     D:9: 2985 daAuts
  Lair:3: 2633 daAuts
Vaults:4: 2377 daAuts
Depths:2: 2220 daAuts
   Zot:1: 2089 daAuts
  Lair:5: 2022 daAuts
 Snake:2: 1981 daAuts
Depths:4: 1955 daAuts
 Snake:3: 1933 daAuts
Vaults:5: 1866 daAuts
   Zot:2: 1833 daAuts
 Snake:4: 1825 daAuts
Vaults:3: 1685 daAuts
    D:14: 1545 daAuts

Table legend:
 A = Kills in this place as a percentage of kills in the entire game.
 B = Kills by you in this place as a percentage of kills by you in the entire game.
 C = Kills by friends in this place as a percentage of kills by friends in the entire game.
 D = Other kills in this place as a percentage of other kills in the entire game.
 E = Experience gained in this place as a percentage of experience gained in the entire game.
 F = Experience gained in this place divided by the number of levels of this place that you have seen.
                   A       B       C       D       E      F
               +-------+-------+-------+-------+-------+----------------------
         Total | 100.0 | 100.0 |   N/A | 100.0 | 100.0 | 23187.3
       Dungeon |  18.8 |  18.8 |   N/A |   0.0 |   6.4 | 5166.2
          Lair |  11.0 |  11.0 |   N/A |   0.0 |   5.6 | 13589.8
         Swamp |   4.3 |   4.3 |   N/A |   0.0 |   4.2 | 12810.0
     Snake Pit |  11.6 |  11.6 |   N/A |   0.0 |  11.3 | 34205.8
  Orcish Mines |   6.8 |   6.8 |   N/A |   0.0 |   2.1 | 12820.5
   Elven Halls |   7.9 |   7.9 |   N/A | 100.0 |  10.4 | 41891.0
        Vaults |  17.8 |  17.8 |   N/A |   0.0 |  26.0 | 62732.6
        Depths |   9.5 |   9.5 |   N/A |   0.0 |  15.2 | 45755.0
           Zot |   7.4 |   7.4 |   N/A |   0.0 |  13.3 | 53534.0
         Abyss |   1.6 |   1.6 |   N/A |   0.0 |   1.4 | 16929.0
      Ice Cave |   1.3 |   1.3 |   N/A |   0.0 |   1.0 | 12199.0
        Wizlab |   1.6 |   1.6 |   N/A |   0.0 |   1.9 | 23067.0
      Gauntlet |   0.4 |   0.4 |   N/A |   0.0 |   0.3 | 3181.0
         Arena |   0.1 |   0.1 |   N/A |   0.0 |   0.7 | 4131.0
               +-------+-------+-------+-------+-------+----------------------
